 Dungeon Crawl Stone Soup version 0.29.1-2-gbd0b4ee654 (webtiles) character file.

Game seed: 1243328100713384284

5898 yodak the Impaler (level 10, -32/91 HPs)
             Began as a Minotaur Berserker on Nov 21, 2022.
             Was an Elder of Trog.
             Killed from afar by a Hell Sentinel (41 damage)
             ... with damnation
             ... on level 1 of the Abyss.
             The game lasted 00:37:24 (10016 turns).

yodak the Impaler (Minotaur Berserker)             Turns: 10016, Time: 00:37:33

Health: -32/91     AC:  7    Str: 27    XL:     10   Next: 53%
Magic:  9/9        EV: 11    Int:  7    God:    Trog [****..]
Gold:   734        SH:  0    Dex: 15    Spells: 9/9 levels left

rFire   . . .      SeeInvis .   v - +9 spear "Liaguneo" {holy, Will+ Int+3}
rCold   . . .      Faith    .   (no shield)
rNeg    . . .      Spirit   .   l - +0 ring mail
rPois   .          Reflect  .   (helmet restricted)
rElec   .          Harm     .   K - +0 cloak
rCorr   .          Rampage  .   u - +0 pair of gloves
Will    +....                   (no boots)
Stlth   +.........              G - amulet of regeneration
HPRegen 1.05/turn               q - +6 ring of dexterity
MPRegen 0.11/turn               N - ring of flight

@: flying
A: horns 2, retaliatory headbutt
a: Renounce Religion, Berserk, Trog's Hand, Brothers in Arms


You were on level 1 of the Abyss.
You worshipped Trog.
Trog was greatly pleased with you.
You visited 1 branch of the dungeon, and saw 9 of its levels.
You visited the Abyss 1 time.
You also visited: Ossuary.

You collected 734 gold pieces.

Inventory:

Hand Weapons
 v - the +9 spear "Liaguneo" (weapon) {holy, Will+ Int+3}
   (You found it on level 4 of the Dungeon)

   It has been blessed by the Shining One to cause great damage to the undead
   and demons.
   Int:       It affects your intelligence (+3).
   Will:      It increases your willpower.
 J - a +4 quarterstaff of chaos
Missiles
 w - 10 atropa-tipped darts
Armour
 l - a +0 ring mail (worn)
 u - a +0 pair of gloves (worn)
 K - a +0 cloak (worn)
Jewellery
 f - a ring of resist corrosion
 g - an amulet of magic regeneration
 q - a +6 ring of dexterity (left hand)
 G - an amulet of regeneration (around neck)
 N - a ring of flight (right hand)
 P - a ring of protection from cold
Wands
 b - a wand of mindburst (20)
 B - a wand of charming (4) (quivered)
 F - a wand of acid (9)
Scrolls
 a - 4 scrolls of identify
 e - 6 scrolls of teleportation {unknown}
 h - a scroll of enchant armour {unknown}
 j - 2 scrolls of poison {unknown}
 k - 4 scrolls of butterflies {unknown}
 n - 2 scrolls of fear {unknown}
 o - 3 scrolls of enchant weapon {unknown}
 p - 2 scrolls of amnesia {unknown}
 x - a scroll of torment {unknown}
 y - 3 scrolls of noise {unknown}
 D - a scroll of blinking {unknown}
 H - a scroll of brand weapon {unknown}
 O - a scroll of silence {unknown}
Potions
 c - 3 potions of heal wounds
 d - 3 potions of degeneration
 i - 2 potions of invisibility {unknown}
 m - 3 potions of flight
 r - 3 potions of haste {unknown}
 s - a potion of lignification {unknown}
 t - 5 potions of curing
 z - 3 potions of cancellation
 A - 2 potions of mutation
 C - 3 potions of attraction {unknown}
 E - 2 potions of brilliance {unknown}
 I - 2 potions of magic {unknown}
 L - a potion of berserk rage {unknown}
 M - 2 potions of might {unknown}


   Skills:
 + Level 9.0 Fighting
 - Level 7.7 Maces & Flails
 + Level 15.3 Polearms
 - Level 2.4 Armour
 - Level 2.1 Dodging
 - Level 0.2 Stealth


You had 9 spell levels left.
You didn't know any spells.
Your spell library contained the following spells:

 Spells                   Type           Power      Damage    Failure   Level
 Slow                     Hex            0%         N/A       56%         1
 Confusing Touch          Hex            0%         N/A       90%         3
 Vampiric Draining        Necr           0%         2d6       90%         3


Dungeon Overview and Level Annotations

Branches:
Dungeon (9/15)             Temple (0/1) D:4            Lair (0/5) D:8
Ossuary (visited)
    Orc: D:9-12

Altars:
Ashenzari
Wu Jian
Yredelemnul


Innate Abilities, Weirdness & Mutations

You have a pair of horns on your head.
You reflexively headbutt those who attack you in melee.


Message History

Number of times to repeat, then command key: You must enter the number of times for the command to repeat.
A Hell Sentinel comes into view.
The Hell Sentinel roars!
You completely miss the Hell Sentinel. The Hell Sentinel misses you.
You furiously retaliate!
You headbutt the Hell Sentinel. The Hell Sentinel hits you!
You hit the Hell Sentinel but do no damage.
You headbutt the Hell Sentinel, but do no damage.
The Hell Sentinel is lightly wounded.
You hit the Hell Sentinel but do no damage.
The Hell Sentinel is lightly wounded.
The Hell Sentinel hits you!! The Hell Sentinel hits you.
You hit the Hell Sentinel.
The Hell Sentinel convulses.
The Hell Sentinel is lightly wounded.
You barely miss the Hell Sentinel. You headbutt the Hell Sentinel!
The Hell Sentinel is lightly wounded.
The Hell Sentinel hits you!
The Hell Sentinel hits you but does no damage.
You are too injured to fight recklessly!
You are too injured to fight recklessly!
You are too injured to fight recklessly!
You are too injured to fight recklessly!
You are too injured to fight recklessly!
You are too injured to fight recklessly!
You hit the Hell Sentinel.
The Hell Sentinel convulses!
The Hell Sentinel is moderately wounded.
You puncture the Hell Sentinel!
The Hell Sentinel convulses!
The Hell Sentinel is moderately wounded.
The Hell Sentinel hits you!!
* * * LOW HITPOINT WARNING * * *
The Hell Sentinel closely misses you.
You hear a bellow!
Aiming: Charm
Press: ? - help, Q - select action, (/) - cycle Shift-Dir - straight line, f - Hell Sentinel
Aim: a Hell Sentinel (moderately wounded, infinite will)
The Hell Sentinel is unaffected.
The Hell Sentinel gestures at you.
The sphere of damnation explodes!
The damnation engulfs you!!!
You die...

. #### .
.##...# ## #
#......#.##.#
...# #...#..#
#..# #..@###
# ###1..# #.
.. .#....# #
#
#...#.#.#...
# .#.#....#
.. #
.#...#..#
#.#......# #
..# #...#.. .
. . #


You could see a Hell Sentinel.

Vanquished Creatures
  A tentacled starspawn (Abyss:1)
  A deep elf pyromancer (D:9)
  A hornet (D:8)
  Prince Ribbit (D:6)
  A wind drake (shapeshifter) (D:9)
  A wraith (D:9)
  Eustachio (D:6)
  A yak (D:8)
  A steam dragon (D:7)
  An orc warrior (D:8)
  An ice beast (D:7)
  3 black bears
  An ogre (D:5)
  5 centaurs
  A phantom (D:6)
  The ghost of DildoBatman the Conjurer, an amateur FoCj (D:6)
  2 kobold brigands
  A necrophage (D:6)
  3 bullfrogs
  5 scorpions
  8 wights
  4 killer bees (D:8)
  3 howler monkeys (D:8)
  3 hounds
  An orc priest (D:9)
  2 gnoll boudas
  3 jellies
  Crazy Yiuf (D:7)
  An orc wizard (D:9)
  8 mummies (Ossuary)
  10 gnolls
  7 adders
  2 shadow imps
  3 white imps
  An ufetubus (D:4)
  4 worms
  2 dart slugs
  17 orcs
  7 ball pythons
  6 bats
  8 endoplasms
  A giant cockroach (D:4)
  2 gnoll zombies (Ossuary)
  7 goblins
  12 hobgoblins
  4 jackals (D:4)
  10 kobolds
  8 quokkas
  5 frilled lizards
  2 hobgoblin zombies (Ossuary)
  2 kobold zombies (Ossuary)
  2 orc zombies (Ossuary)
  A quokka zombie (D:8)
  3 rats
  A rat zombie (D:8)
194 creatures vanquished.

Vanquished Creatures (others)
  9 fungi (D:8)
  11 plants (D:8)
  2 starspawn tentacles (Abyss:1)
22 creatures vanquished.

Grand Total: 216 creatures vanquished

Notes
Turn   | Place    | Note
-------+----------+-------------------------------------------
     0 | D:1      | yodak the Minotaur Berserker began the quest for the Orb.
     0 | D:1      | Reached XP level 1. HP: 19/19 MP: 0/0
   296 | D:1      | Reached XP level 2. HP: 27/27 MP: 1/1
  1014 | D:1      | Found a faded altar of an unknown god.
  1432 | D:2      | Reached XP level 3. HP: 17/33 MP: 2/2
  1805 | D:2      | Reached skill level 5 in Maces & Flails
  1965 | D:2      | Identified the +1 robe of Protective Custody {Dex+7}
  2079 | D:2      | Reached ** piety under Trog
  2653 | D:3      | Reached XP level 4. HP: 34/40 MP: 3/3
  3091 | D:3      | Noticed a black bear
  3100 | D:3      | Killed a black bear
  3101 | D:3      | Reached XP level 5. HP: 44/47 MP: 4/4
  4052 | D:4      | Identified the +9 spear "Liaguneo" {holy, Will+ Int+3}
  4058 | D:4      | Found a broken altar of Ashenzari.
  4089 | D:4      | Reached XP level 6. HP: 38/53 MP: 5/5
  4091 | D:4      | Reached *** piety under Trog
  4608 | D:4      | Reached skill level 5 in Fighting
  4734 | D:4      | Reached skill level 1 in Polearms
  4807 | D:4      | Found a staircase to the Ecumenical Temple.
  4918 | D:5      | Entered Level 5 of the Dungeon
  5055 | D:5      | Reached skill level 2 in Polearms
  5293 | D:5      | Reached skill level 3 in Polearms
  5293 | D:5      | Reached XP level 7. HP: 17/63 MP: 6/6
  5603 | D:5      | Reached skill level 4 in Polearms
  5873 | D:5      | Reached skill level 5 in Polearms
  6199 | D:5      | Reached skill level 6 in Polearms
  6743 | D:5      | Reached XP level 8. HP: 71/71 MP: 7/7
  7038 | D:6      | Reached skill level 7 in Polearms
  7218 | D:6      | Noticed Prince Ribbit
  7243 | D:6      | Killed Prince Ribbit
  7244 | D:6      | Reached skill level 8 in Polearms
  7436 | D:6      | Reached skill level 9 in Polearms
  7545 | D:6      | Found a runed translucent door.
  7547 | D:6      | Noticed DildoBatman's ghost (amateur FoCj)
  7554 | D:6      | Killed DildoBatman's ghost
  7750 | D:6      | Noticed Eustachio
  7762 | D:6      | Killed Eustachio
  7763 | D:6      | Reached skill level 10 in Polearms
  8315 | D:7      | Reached skill level 11 in Polearms
  8315 | D:7      | Reached XP level 9. HP: 75/78 MP: 8/8
  8566 | D:7      | Found a runed translucent door.
  8567 | D:7      | Noticed Crazy Yiuf
  8573 | D:7      | Killed Crazy Yiuf
  8573 | D:7      | Reached **** piety under Trog
  8704 | D:7      | Reached skill level 12 in Polearms
  8744 | D:8      | Reached skill level 13 in Polearms
  8882 | D:8      | Found a sand-covered staircase.
  8895 | Ossuary  | Entered an ossuary
  8941 | Ossuary  | Reached skill level 14 in Polearms
  9248 | D:8      | Identified the +2 pair of boots of Spring {Will+ SInv}
  9355 | D:8      | Found an ornate altar of the Wu Jian Council.
  9364 | D:8      | Found a basalt altar of Yredelemnul.
  9469 | D:8      | Reached XP level 10. HP: 84/84 MP: 9/9
  9529 | D:8      | Found a staircase to the Lair.
  9711 | D:9      | Noticed a deep elf pyromancer
  9719 | D:9      | Killed a deep elf pyromancer
  9821 | Abyss:1  | Cast into level 1 of the Abyss (orc wizard)
  9823 | Abyss:1  | Found a corrupted altar of Lugonu.
  9956 | Abyss:1  | Noticed a worldbinder
  9966 | Abyss:1  | Noticed a tentacled starspawn
  9978 | Abyss:1  | Killed a tentacled starspawn
  9979 | Abyss:1  | Reached skill level 15 in Polearms
 10007 | Abyss:1  | Noticed a Hell Sentinel
 10016 | Abyss:1  | Killed from afar by a Hell Sentinel

Illustrated notes

Levels and vault maps discovered:
D:1:      roderic_octagonal_star, layout_basic,
          shapermc_ecumenical_altar_notcrosses
D:2:      layout_loops_ring
D:3:      layout_rooms, chequers_serial_rivers_marsh, corner_web_ring,
          dk_noncrumbling_4
D:4:      layout_loops_corners, ashenzari_altar_1, temple_statues
D:5:      layout_gridville, serial_co_window_serial, co_window_corner_a,
          co_window_of_opportunity_a, co_window_paths_a,
          co_window_of_opportunity_a, co_window_paths_a, co_window_paths_b,
          co_window_cross_1, co_window_broadway_b, co_window_2corner,
          co_window_2corner, co_window_unsneaky_path_d,
          co_window_unsneaky_path_a, co_window_of_opportunity_b,
          glass_columns_c, st_stairs_8
D:6:      layout_loops_corners, ebering_ghost_reflecting_pool, uniq_eustachio,
          uniq_prince_ribbit1
D:7:      layout_rooms, minmay_misc_feat_five, uniq_crazy_yiuf_cottage
D:8:      layout_rooms, mainiacjoe_overflow_swirl,
          grunt_lair_entry_orc_guard_hut, enter_ossuary_4,
          minmay_misc_feat_rugged
D:9:      layout_basic, lemuel_doored_altar, enter_bailey_8, fountainhead,
          kennysheep_cross_bottleneck, minmay_three_doors
Abyss:1:  base: Bailey, evilmike_abyss_exit_9, hangedman_abyss_feature_spike

Skill      XL: |  1  2  3  4  5  6  7  8  9 10 |
---------------+-------------------------------+-----
Maces & Flails | 4 5 6 7 |  7.7
Fighting       | 4 6 9 |  9.0
Polearms       | 3 6 11 14 15 | 15.3
Armour         | |  2.4
Dodging        | |  2.1
Stealth        | |  0.2

Action                   |  1- 3 |  4- 6 |  7- 9 | 10-12 || total
-------------------------+-------+-------+-------+-------++-------
Melee: Mace              |    98 |    96 |       |       ||   194
       Headbutt          |    14 |    21 |    31 |    11 ||    77
       Spear             |       |    21 |   228 |    64 ||   313
       Punch             |       |       |     3 |       ||     3
Invok: Trog's Hand       |       |     1 |     2 |     1 ||     4
       Berserk           |       |       |     1 |       ||     1
Evoke: Wand              |       |       |       |     1 ||     1
  Use: Potion            |       |       |     2 |       ||     2
       Scroll            |       |       |     5 |       ||     5
Armor: Animal skin       |    12 |       |       |       ||    12
       Ring mail         |    10 |    31 |    50 |    10 ||   101
Dodge: Dodged            |    54 |    63 |    93 |    11 ||   221
